 Dungeon Crawl Stone Soup version 0.29.1-1-gd02db6906a (webtiles) character file.

Game seed: 16310467595946968897

25 LustLizard the Trooper (level 2, 24/24 HPs)
             Began as a Demonspawn Fighter on Oct 5, 2022.
             Was a Follower of Nemelex Xobeh.
             Quit the game on level 1 of the Dungeon.
             The game lasted 00:01:35 (1092 turns).

LustLizard the Trooper (Demonspawn Fighter)         Turns: 1092, Time: 00:01:36

Health: 24/24      AC:  6    Str: 16    XL:     2   Next: 86%
Magic:  2/2        EV:  9    Int:  9    God:    Nemelex Xobeh [*.....]
Gold:   49         SH:  5    Dex: 18    Spells: 1/1 levels left

rFire   . . .      SeeInvis .   a - +1 long sword
rCold   . . .      Faith    .   c - +0 buckler
rNeg    . . .      Spirit   .   b - +0 scale mail
rPois   .          Reflect  .   (no helmet)
rElec   .          Harm     .   (no cloak)
rCorr   .          Rampage  .   (no gloves)
Will    .....                   (no boots)
Stlth   ..........              (no amulet)
HPRegen 0.08/turn               f - +6 ring of dexterity
MPRegen 0.08/turn               (no ring)

@: no status effects
A: demonic magic 1
a: Renounce Religion, Draw Escape, Draw Destruction, Draw Summoning


You were on level 1 of the Dungeon.
You worshipped Nemelex Xobeh.
Nemelex Xobeh was aware of your devotion.
You visited 1 branch of the dungeon, and saw 1 of its levels.

You collected 49 gold pieces.

Inventory:

Hand Weapons
 a - a +1 long sword (weapon)
Armour
 b - a +0 scale mail (worn)
 c - a +0 buckler (worn)
Jewellery
 f - a +6 ring of dexterity (left hand)
Potions
 d - a potion of might
 k - a potion of attraction
 l - a potion of degeneration
 m - a potion of magic


   Skills:
 + Level 3.2 Fighting
 * Level 2.3 Long Blades
 + Level 2.9 Armour
 + Level 0.6 Dodging
 + Level 2.8 Shields


You had one spell level left.
You didn't know any spells.
Your spell library was empty.

Dungeon Overview and Level Annotations

Branches:
Dungeon (1/15)

Altars:
Nemelex Xobeh


Innate Abilities, Weirdness & Mutations

Spells you cast may paralyse adjacent enemies.


Message History

n - a fizzy grey potion You see here a +0 dagger.
Things that are here:
a +0 whip; 2 stones You see here a +0 club.
Done exploring.
Done exploring.
As you read the scroll labelled ZOZIUMILIV, it crumbles to dust.
It is a scroll of identify.
k - a potion of attraction
As you read the scroll of identify, it crumbles to dust.
l - a potion of degeneration
As you read the scroll of identify, it crumbles to dust.
m - a potion of magic
Okay, then.
It was a potion of heal wounds.
You feel much better.
Okay, then.
As you read the scroll labelled MIUFROSIFI, it crumbles to dust.
It is a scroll of amnesia.
You feel forgetful for a moment.
As you read the scroll labelled QECARE SAMYTH, it crumbles to dust.
You assume a fearsome visage.
Nothing appears to happen.
It was a scroll of fear.
As you read the scroll labelled YSOHATO MUOR, it crumbles to dust.
It is a scroll of enchant weapon.
Your +0 long sword glows red for a moment.
As you read the scroll labelled ZOSSERGHE DAO, it crumbles to dust.
You hear a loud clanging noise!
It was a scroll of noise.
Search for what [? for help]? altar You see here a +0 club.
There is a faded altar of an unknown god here.
You cannot tell which god this altar belongs to.
Convert to them anyway?
Nemelex Xobeh accepts your prayer! Nemelex Xobeh welcomes you!
You can now draw from decks of power.
Nemelex will now gift you decks of power as you gain piety.
Nemelex Xobeh deals you some cards!
You now have 2 escape cards, 7 destruction cards and 2 summoning cards.
Are you sure you want to abandon this character and quit the game? (Confirm with "yes".)

#...# ###.# #.# #.# #.#
#.####### #)#.....#
#....^^.# ##...@^.#
#####.....# #####
#......#### #....
#.......# ###.###
#.......## ##...#
#........## ##..####
########..######......#
##......).#.##.#
######>..#.##.#


There were no monsters in sight!

Vanquished Creatures
  A bat (D:1)
  3 endoplasms (D:1)
  3 giant cockroaches (D:1)
  3 hobgoblins (D:1)
  2 quokkas (D:1)
  A ball python (D:1)
  3 goblins (D:1)
  5 kobolds (D:1)
  A rat (D:1)
22 creatures vanquished.

Notes
Turn   | Place    | Note
-------+----------+-------------------------------------------
     0 | D:1      | LustLizard the Demonspawn Fighter began the quest for the
                  | Orb.
     0 | D:1      | Reached XP level 1. HP: 18/18 MP: 1/1
   407 | D:1      | Found a faded altar of an unknown god.
   414 | D:1      | Gained mutation: Spells you cast may paralyse adjacent
                  | enemies. [demonic ancestry]
   414 | D:1      | Reached XP level 2. HP: 23/24 MP: 2/2
  1091 | D:1      | Prayed at the altar of an unknown god.
  1091 | D:1      | Became a worshipper of Nemelex Xobeh the Trickster
  1091 | D:1      | Reached * piety under Nemelex Xobeh
  1091 | D:1      | Received a gift from Nemelex Xobeh
  1092 | D:1      | Quit the game

Illustrated notes

Levels and vault maps discovered:
D:1:      sevenhm_arrival_forest_fort_small_3, layout_basic,
          ebering_ecumenical_altar_webs, minmay_pentomino_u2

Skill      XL: |  1 |
---------------+----+-----
Long Blades    | 2 |  2.3
Fighting       | |  3.2
Armour         | |  2.9
Dodging        | |  0.6
Shields        | |  2.8

Action                   || total
-------------------------++-------
Melee: Long sword        ||    78
  Use: Scroll            ||     7
       Potion            ||     1
Armor: Scale mail        ||    36
Dodge: Dodged            ||    30
Block: Buckler           ||    27
